 Dungeon Crawl Stone Soup version 0.27.1-3-gb3d3a73c9e (webtiles) character file.

Game seed: 1953755893497244018

1 nxtlvl the Charlatan (level 1, 0/9 HPs)
             Began as a Spriggan Artificer on Oct 12, 2021.
             Constricted to death by a ball python (1 damage)
             ... on level 3 of the Dungeon.
             The game lasted 00:01:24 (80 turns).

nxtlvl the Charlatan (Spriggan Artificer)             Turns: 80, Time: 00:01:25

Health: 0/9        AC:  2    Str:  8    XL:     1   Next: 16%
Magic:  2/2        EV: 14    Int: 12    God:
Gold:   7          SH:  0    Dex: 15    Spells: 0/0 levels left

rFire    . . .     SeeInvis +   a - +0 club
rCold    . . .     Faith    .   (shield restricted)
rNeg     . . .     Spirit   .   b - +0 robe
rPois    .         Reflect  .   (helmet restricted)
rElec    .         Harm     .   (no cloak)
rCorr    .         Rampage  .   (gloves unavailable)
Will     .....                  (boots unavailable)
Stlth    ++........             (no amulet)
HPRegen  0.03/turn              (no ring)
MPRegen  0.08/turn              (no ring)

@: constricted, very quick
A: very small, no large weapons, unfitting armour, see invisible, speed 3
a: no special abilities


You were on level 3 of the Dungeon.
You visited 1 branch of the dungeon, and saw 3 of its levels.

You collected 7 gold pieces.

Inventory:

Hand Weapons
 a - a +0 club (weapon)
Armour
 b - a +0 robe (worn)
Wands
 c - a wand of flame (15) (quivered)
 d - a wand of charming (15)
Potions
 f - a potion of attraction {unknown}
Miscellaneous
 e - a piece from Xom's chessboard (15/15)


   Skills:
 - Level 0.7 Fighting
 - Level 3.2 Dodging
 - Level 1.5 Stealth
 + Level 4.1 Evocations


You couldn't memorise any spells.
You didn't know any spells.
Your spell library was empty.

Dungeon Overview and Level Annotations

Branches:
Dungeon (3/15)

Altars:


Innate Abilities, Weirdness & Mutations

You are very small and have problems with some larger weapons.
You are too small for most types of armour.
You have supernaturally acute eyesight. (SInv)
You cover ground extremely quickly. (Speed+++)


Message History

Found an escape hatch in the floor.
The hobgoblin shouts!
You hit the hobgoblin.
The hobgoblin is heavily wounded.
The hobgoblin closely misses you.
You closely miss the hobgoblin.
The hobgoblin is heavily wounded.
The hobgoblin misses you.
You barely miss the hobgoblin.
The hobgoblin is heavily wounded.
The hobgoblin misses you. x2
You hit the hobgoblin.
You kill the hobgoblin!
There is an escape hatch in the floor here.
You see here a hobgoblin corpse.
You slide downwards.
The hatch slams shut behind you.
Found a stone staircase leading up.
A ball python comes into view.
The ball python hisses angrily.
You hear a shout!
There is a stone staircase leading up here.
You climb upwards.
There is a stone staircase leading down here.
The adder hisses angrily.
You climb downwards.
There is a stone staircase leading up here.
Found a stone staircase leading up.
Found a blue potion.
There is a stone staircase leading up here.
You climb upwards.
There is a stone staircase leading down here.
You climb downwards.
The ball python misses you. The ball python grabs you.
The ball python constricts you.
There is a stone staircase leading up here.
You hit the ball python but do no damage.
The ball python bites you. The ball python constricts you.
The ball python bites you. The ball python constricts you.
You closely miss the ball python. The ball python bites you.
* * * LOW HITPOINT WARNING * * *
The ball python constricts you.
You die...

.......# #≈ #.....# ≈ .#
#.##.### #≈ ### .#
#......# #.≈ #≈# .#
#......#
####.##≈##.######......#
#≈≈≈..≈≈...............#
#.≈..≈...# #####......#
#.≈.≈≈@S.# #......#
#..≈≈....# #.......
#..≈.....### ##.......
#..........####........
#.!......#....<.......#
########...###.####....
###.. #.# ..... ###....
.### #.###


You could see a ball python.

Vanquished Creatures
  A hobgoblin (D:2)
1 creature vanquished.

Notes
Turn   | Place    | Note
-------+----------+-------------------------------------------
     0 | D:1      | nxtlvl the Spriggan Artificer began the quest for the Orb.
     0 | D:1      | Reached XP level 1. HP: 9/9 MP: 2/2
    80 | D:3      | Constricted to death by a ball python

Illustrated notes

Levels and vault maps discovered:
D:1:      dpeg_arrival_three_bigger_balls, layout_loops_corners,
          shapermc_ecumenical_altar_ellora, kennysheep_nondescript,
          minmay_misc_feat_tower, minmay_split_cup_large
D:2:      cheibrodos_helix_gallery, layout_loops_ring, st_stairs_14,
          grunt_ministairs_12, serial_bayou_pond_c, columned_hall_lemuel
D:3:      layout_rooms, hangedman_decor_diamond_cutter,
          small_statue_intersection, dk_noncrumbling_4,
          chequers_serial_rivers_small_b, serial_bayou_ford_a,
          minmay_misc_feat_pillars

Action                   || total
-------------------------++-------
Melee: Club              ||     6
Dodge: Dodged            ||     5
